Map: World of Sleepers LE

Players

SaltMiner - Winner!

  • Race: Protoss Protoss
  • Spawn Location: 7:00

last

  • Race: Terran Terran
  • League: Diamond
  • Spawn Location: 1:00

VOD

Have the link to the VOD?

Description

Time

  • Played on: Oct. 27, 2019, 7:13 p.m.
  • Length: 13:02
Show
View Real Time Build Order
Export as new Build Order

SaltMiner Protoss - Winner!

Build Orders:  

Get SALT Encoding   

  12  0:01  Probe  
  13  0:13  Probe  
  14  0:20  Pylon  
  14  0:25  Probe  
  15  0:38  Probe  
  15  0:41  Gateway  
  16  0:44  Assimilator  
  16  0:50  Probe  
  17  1:02  Probe  
  18  1:17  Probe  
  19  1:29  Probe  
  19  1:31  Cybernetics Core  
  20  1:34  Gateway  
  20  1:49  Pylon  
  20  1:58  Nexus  
  20  2:13  Pylon  
  20  2:15  Adept (Chrono Boost)  
  24  2:30  Adept (Chrono Boost)  
  25  2:43  Shield Battery, Adept (Chrono Boost)  
  25  2:45  Adept (Chrono Boost)  
  27  3:00  Shield Battery  
  27  3:09  Assimilator, Probe  
  30  3:13  Stalker x2  
  32  3:54  Stalker x2  
  32  4:39  Nexus  
  32  4:42  Nexus  
  32  4:44  Pylon  
  24  5:03  Stalker x2  
  28  5:36  Probe  
  29  5:48  Probe  
  30  6:00  Probe  
  31  6:09  Stargate, Probe  
  28  6:12  Stargate  
  28  6:18  Zealot x2  
  32  6:22  Probe (Chrono Boost)  
  32  6:24  Twilight Council  
  33  6:27  Assimilator  
  33  6:32  Assimilator  
  34  6:33  Probe (Chrono Boost)  
  34  6:38  Probe (Chrono Boost)  
  34  6:39  Probe (Chrono Boost)  
  36  6:48  Probe  
  36  6:51  Pylon  
  37  6:55  Nexus  
  37  7:13  Void Ray  
  37  7:14  Void Ray  
  45  7:15  Probe  
  46  7:28  Probe  
  47  7:30  Pylon  
  47  7:36  Charge  
  47  7:37  Pylon  
  47  7:40  Probe  
  47  7:41  Templar Archives  
  47  7:43  Warp Gate  
  48  7:46  Zealot x2 (Chrono Boost), Gateway  
  52  7:52  Probe  
  53  8:03  Void Ray  
  53  8:04  Probe  
  58  8:16  Probe  
  59  8:27  Psionic Storm  
  59  8:28  Probe  
  59  8:33  Pylon  
  60  8:40  Probe x2  
  62  8:52  Gateway, Probe x2  
  64  9:02  Void Ray  
  68  9:04  Probe  
  68  9:06  Probe  
  70  9:21  Pylon  
  70  9:22  Pylon  
  70  9:26  Pylon  
  70  9:47  High Templar x3  
  70  9:49  Void Ray  
  70  9:50  Void Ray  
  84  9:56  Probe  
  85  10:11  Nexus  
  85  10:12  Pylon  
  85  10:24  High Templar x2  
  85  10:25  High Templar  
  91  10:36  Void Ray  
  91  10:39  Probe  
  96  10:45  Unknown  
  96  10:47  Pylon  
  96  10:48  Pylon  
  96  10:50  Void Ray  
  96  10:51  Probe  
  100  11:03  Probe  
  101  11:10  Stalker x4  
  109  11:15  Probe  
  107  11:47  Forge  
Show
View Real Time Build Order
Export as new Build Order

last Terran 

Build Orders:  

Get SALT Encoding   

  12  0:01  SCV  
  14  0:17  Supply Depot  
  14  0:18  SCV  
  14  0:30  SCV  
  15  0:46  SCV  
  16  0:50  Refinery  
  16  0:54  Barracks  
  16  0:58  SCV  
  17  1:10  SCV  
  18  1:22  SCV  
  19  1:34  SCV  
  20  1:46  SCV  
  21  1:54  Marine  
  21  1:59  Command Center  
  22  2:05  Supply Depot  
  22  2:07  Orbital Command  
  22  2:13  Factory  
  22  2:23  Barracks Reactor  
  22  2:37  Barracks  
  22  2:38  SCV  
  22  2:41  Refinery  
  23  2:51  SCV  
  24  2:57  Factory Tech Lab  
  24  3:03  SCV  
  25  3:07  Marine x2  
  27  3:15  SCV  
  27  3:16  Cyclone  
  30  3:25  Marine x2  
  24  3:43  Marine x2  
  23  3:53  Marine  
  24  4:00  Marine  
  24  4:01  Marine  
  26  4:12  Orbital Command  
  26  4:15  SCV  
  26  4:27  SCV  
  20  4:47  Marine x2  
  20  4:48  Marine  
  19  5:05  Marine x2  
  20  5:12  Orbital Command  
  18  5:47  SCV  
  18  5:48  SCV  
  19  5:59  SCV  
  19  6:00  SCV  
  19  6:11  SCV  
  19  6:12  Marine x3, SCV  
  23  6:19  Siege Tank  
  23  6:23  SCV  
  23  6:24  SCV  
  28  6:30  Marine x2  
  30  6:35  Barracks Tech Lab, SCV  
  30  6:36  SCV  
  32  6:47  SCV  
  32  6:48  Marine x2, SCV  
  36  6:59  SCV  
  36  7:00  SCV  
  38  7:04  Stimpack  
  38  7:09  Supply Depot  
  38  7:10  Supply Depot  
  38  7:20  Supply Depot  
  38  7:31  Marauder, SCV x2  
  38  7:34  Widow Mine, Marine x2  
  46  7:43  SCV  
  47  7:52  Orbital Command  
  47  7:53  Marine x2  
  47  7:55  Marauder, SCV  
  52  8:04  Siege Tank  
  55  8:07  SCV  
  56  8:19  SCV x2  
  58  8:22  Marauder, Marine x2  
  62  8:28  Starport  
  62  8:33  Engineering Bay  
  62  8:43  Supply Depot  
  62  8:46  Supply Depot  
  62  8:51  Combat Shield  
  62  9:05  SCV x2  
  64  9:17  SCV x2  
  64  9:21  Marine  
  64  9:22  Marine x2  
  69  9:28  Viking  
  69  9:29  SCV  
  67  9:40  Marauder, SCV  
  67  9:41  SCV  
  71  9:46  Marine x2, Cyclone  
  76  9:52  SCV  
  76  9:54  Refinery  
  76  9:55  Refinery  
  76  9:58  Missile Turret  
  76  9:59  Missile Turret  
  77  10:01  Starport Reactor  
  77  10:04  Marine  
  77  10:06  Supply Depot  
  78  10:10  Supply Depot  
  78  10:17  Concussive Shells  
  80  10:28  Marauder  
  80  10:34  Widow Mine, Marine x2  
  84  10:36  SCV  
  84  10:40  Missile Turret  
  84  10:42  Terran Infantry Weapons Level 1, Medivac, Missile Turret  
  85  10:43  Medivac  
  91  10:50  Marauder  
  91  10:52  Marine x2  
  93  10:57  Barracks  
  93  11:02  SCV  
  94  11:13  Supply Depot  
  94  11:35  Marine, Medivac x2  
  87  11:45  Marauder, Marine x2  
  91  11:52  Marine  
Tags
 
Add a new tag
Caveats
  • Supply blocks, unpowered buildings, or Contaminate may cause inaccurate times.
  • Supply counts are checked every 10 seconds.